TOP OF THE 1ST |
Maize HS batting - Pitching for Rocky Point HS Eagles : LHP Len Taylor
|
Pitching: LHP Len Taylor
|
|
Batting: RHB Jorge Molina
|
0-0: Ball 1-0: Ball 2-0: Ball 3-0: Base on Balls
|
Batting: RHB Fletcher Richardson
|
0-0: Called Strike 0-1: Ball 1-1: Swinging Strike 1-2: Ball 2-2: SINGLE (Groundball, 6MD) Jorge Molina to second Runner from 2nd tries for 3rd, SAFE, no throw or cutoff
|
Batting: RHB Frank Reed
|
0-0: Ball 1-0: Called Strike 1-1: Ball 2-1: Ball 3-1: Called Strike 3-2: Fly out, F7 (Line Drive, 7S)
|
Batting: RHB Nelson Martínez
|
0-0: Foul Ball, location: 2F 0-1: Called Strike 0-2: Ball 1-2: Ball 2-2: Fly out, F8 (Flyball, 8LM) Runner from 3rd tags up, SCORES, no throw
|
Batting: SHB Tony Morrison
|
0-0: Ball 1-0: Ball 2-0: Ball 3-0: Called Strike 3-1: Swinging Strike 3-2: Strikes out swinging
|
Top of the 1st over - 1 run(s), 1 hit(s), 0 error(s), 1 left on base; Maize HS 1 - Rocky Point HS 0 |
BOTTOM OF THE 1ST |
Rocky Point HS Eagles batting - Pitching for Maize HS : RHP Tony Zamora
|
Pitching: RHP Tony Zamora
|
|
Batting: RHB Fernando Pagán
|
0-0: Called Strike 0-1: Ball 1-1: Ground out 5-3 (Groundball, 56)
|
Batting: RHB Jim Sharry
|
0-0: Foul Ball, location: 2F 0-1: Ball 1-1: Ball 2-1: Ground out 6-3 (Groundball, 6)
|
Batting: RHB Joe Lewis
|
0-0: Called Strike 0-1: Foul Ball, location: 2F 0-2: Foul Ball, location: 2F 0-2: Strikes out looking
|
Bottom of the 1st over - 0 run(s), 0 hit(s), 0 error(s), 0 left on base; Maize HS 1 - Rocky Point HS 0 |
TOP OF THE 2ND |
Maize HS batting - Pitching for Rocky Point HS Eagles : LHP Len Taylor
|
Batting: RHB Lorenzo Hernández
|
0-0: Ball 1-0: Foul Ball, location: 2F 1-1: Fly out, F9 (Flyball, 9M)
|
Batting: SHB Ricardo Gómez
|
0-0: Fly out, F9 (Flyball, 89M)
|
Batting: LHB Chad Aguilar
|
0-0: Ball 1-0: Swinging Strike 1-1: Swinging Strike 1-2: Ball 2-2: Ball 3-2: Strikes out swinging
|
Top of the 2nd over - 0 run(s), 0 hit(s), 0 error(s), 0 left on base; Maize HS 1 - Rocky Point HS 0 |
BOTTOM OF THE 2ND |
Rocky Point HS Eagles batting - Pitching for Maize HS : RHP Tony Zamora
|
Batting: RHB Pedro Cháves
|
0-0: Foul Ball, location: 2F 0-1: Ball 1-1: Foul Ball, location: 2F 1-2: Strikes out swinging
|
Batting: LHB Gus Price
|
0-0: Foul Ball, location: 2F 0-1: Ball 1-1: Ball 2-1: Fly out, F6 (Line Drive, 6)
|
Batting: RHB John Lindsey
|
0-0: Called Strike 0-1: Ball 1-1: Ball 2-1: Ball 3-1: Called Strike 3-2: Base on Balls
|
Batting: SHB Josh Conner
|
0-0: Swinging Strike 0-1: Ball 1-1: Called Strike 1-2: Foul Ball, location: 2F 1-2: SINGLE (Flyball, 7LS) John Lindsey to second
|
Batting: LHB Rob Peterson
|
0-0: Ball 1-0: Ground out 4-3 (Groundball, 4)
|
Bottom of the 2nd over - 0 run(s), 1 hit(s), 0 error(s), 2 left on base; Maize HS 1 - Rocky Point HS 0 |
TOP OF THE 3RD |
Maize HS batting - Pitching for Rocky Point HS Eagles : LHP Len Taylor
|
Batting: RHB Chris Wilson
|
0-0: Reached on error, E5 (Groundball, 56)
|
Batting: RHB Jorge Molina
|
0-0: Called Strike 0-1: Grounds into double play, 6-4-3 (Groundball, 6)
|
Batting: RHB Fletcher Richardson
|
0-0: Ground out 6-3 (Groundball, 6)
|
Top of the 3rd over - 0 run(s), 0 hit(s), 1 error(s), 0 left on base; Maize HS 1 - Rocky Point HS 0 |
BOTTOM OF THE 3RD |
Rocky Point HS Eagles batting - Pitching for Maize HS : RHP Tony Zamora
|
Batting: RHB Ramón Garza
|
0-0: Fly out, F9 (Flyball, 9M)
|
Batting: RHB Fernando Pagán
|
0-0: Ground out 4-3 (Groundball, 34)
|
Batting: RHB Jim Sharry
|
0-0: Called Strike 0-1: Ball 1-1: Ball 2-1: Fly out, F9 (Flyball, 9LM)
|
Bottom of the 3rd over - 0 run(s), 0 hit(s), 0 error(s), 0 left on base; Maize HS 1 - Rocky Point HS 0 |
TOP OF THE 4TH |
Maize HS batting - Pitching for Rocky Point HS Eagles : LHP Len Taylor
|
Batting: RHB Frank Reed
|
0-0: Called Strike 0-1: Swinging Strike 0-2: Foul Ball, location: 2F 0-2: TRIPLE (Line Drive, 9LS)
|
Batting: RHB Nelson Martínez
|
0-0: Ground out 6-3 (Groundball, 6) Frank Reed scores
|
Batting: SHB Tony Morrison
|
0-0: SINGLE (Groundball, 4M)
|
Batting: RHB Lorenzo Hernández
|
0-0: Ball Tony Morrison steals 2nd base 1-0: Ball 2-0: Foul Ball, location: 2F 2-1: Fly out, F9 (Flyball, 89M)
|
Batting: SHB Ricardo Gómez
|
0-0: Swinging Strike 0-1: SINGLE (Line Drive, 34) Tony Morrison to third Runner from 3rd tries for Home, SAFE, no throw or cutoff
|
Batting: LHB Chad Aguilar
|
0-0: Foul Ball, location: 2F 0-1: Swinging Strike 0-2: Ball 1-2: DOUBLE (Line Drive, 3) Ricardo Gómez to third
|
Batting: RHB Chris Wilson
|
0-0: Called Strike 0-1: Ball 1-1: Ball 2-1: Ball 3-1: Base on Balls
|
Batting: RHB Jorge Molina
|
0-0: Ball 1-0: Foul Ball, location: 2F 1-1: Called Strike 1-2: Ball 2-2: Strikes out swinging
|
Top of the 4th over - 2 run(s), 4 hit(s), 0 error(s), 3 left on base; Maize HS 3 - Rocky Point HS 0 |
BOTTOM OF THE 4TH |
Rocky Point HS Eagles batting - Pitching for Maize HS : RHP Tony Zamora
|
Batting: RHB Joe Lewis
|
0-0: Ball 1-0: Ball 2-0: Ball 3-0: Base on Balls
|
Batting: RHB Pedro Cháves
|
0-0: Ball 1-0: Called Strike 1-1: SINGLE (Groundball, 13) (infield hit) Joe Lewis to second
|
Batting: LHB Gus Price
|
0-0: Swinging Strike 0-1: Fly out, F9 (Flyball, 9D) Runner from 2nd tags up, SAFE at 3rd, no throw
|
Batting: RHB John Lindsey
|
0-0: Called Strike 0-1: Foul Ball, location: 2F 0-2: Foul Ball, location: 2F 0-2: Ball 1-2: Foul Ball, location: 2F 1-2: Hit by Pitch Pedro Cháves to second
|
Batting: SHB Josh Conner
|
0-0: Ball 1-0: Called Strike 1-1: Swinging Strike 1-2: Foul Ball, location: 2F 1-2: Strikes out swinging
|
Batting: LHB Rob Peterson
|
0-0: Ball 1-0: Swinging Strike 1-1: Called Strike 1-2: Ball 2-2: Foul Ball, location: 2F 2-2: Foul Ball, location: 2F 2-2: Foul Ball, location: 2F 2-2: Strikes out swinging
|
Bottom of the 4th over - 0 run(s), 1 hit(s), 0 error(s), 3 left on base; Maize HS 3 - Rocky Point HS 0 |
TOP OF THE 5TH |
Maize HS batting - Pitching for Rocky Point HS Eagles : LHP Len Taylor
|
Batting: RHB Fletcher Richardson
|
0-0: Foul Ball, location: 2F 0-1: Foul Ball, location: 2F 0-2: Ball 1-2: Ball 2-2: Ball 3-2: Foul Ball, location: 2F 3-2: Strikes out swinging
|
Batting: RHB Frank Reed
|
0-0: Called Strike 0-1: Fly out, F9 (Flyball, 9M)
|
Batting: RHB Nelson Martínez
|
0-0: Foul Ball, location: 2F 0-1: Foul Ball, location: 2F 0-2: Ball 1-2: Foul Ball, location: 2F 1-2: Ball 2-2: Strikes out swinging
|
Top of the 5th over - 0 run(s), 0 hit(s), 0 error(s), 0 left on base; Maize HS 3 - Rocky Point HS 0 |
BOTTOM OF THE 5TH |
Rocky Point HS Eagles batting - Pitching for Maize HS : RHP Tony Zamora
|
Batting: RHB Ramón Garza
|
0-0: SOLO HOME RUN (Flyball, 7D), Distance : 361 ft
|
Batting: RHB Fernando Pagán
|
0-0: Fly out, F4 (Popup, 34D)
|
Batting: RHB Jim Sharry
|
0-0: Fly out, F9 (Flyball, 9S)
|
Batting: RHB Joe Lewis
|
0-0: Called Strike 0-1: Ball 1-1: Ball 2-1: Foul Ball, location: 2F 2-2: Foul Ball, location: 2F 2-2: Foul Ball, location: 2F 2-2: Foul Ball, location: 2F 2-2: Foul Ball, location: 2F 2-2: Ground out 4-3 (Groundball, 4)
|
Bottom of the 5th over - 1 run(s), 1 hit(s), 0 error(s), 0 left on base; Maize HS 3 - Rocky Point HS 1 |
TOP OF THE 6TH |
Maize HS batting - Pitching for Rocky Point HS Eagles : LHP Len Taylor
|
Pitching: RHP Ralph Benson
|
|
Batting: SHB Tony Morrison
|
0-0: Ball 1-0: Swinging Strike 1-1: Fly out, F6 (Line Drive, 6)
|
Batting: RHB Lorenzo Hernández
|
0-0: Ball 1-0: Fly out, F8 (Flyball, 8LM)
|
Batting: SHB Ricardo Gómez
|
0-0: Foul Ball, location: 2F 0-1: Called Strike 0-2: Ball 1-2: Ball 2-2: Foul Ball, location: 2F 2-2: Ball 3-2: Foul Ball, location: 2F 3-2: SINGLE (Groundball, 34)
|
Batting: LHB Chad Aguilar
|
0-0: Called Strike 0-1: Foul Ball, location: 2F 0-2: Strikes out swinging
|
Top of the 6th over - 0 run(s), 1 hit(s), 0 error(s), 1 left on base; Maize HS 3 - Rocky Point HS 1 |
BOTTOM OF THE 6TH |
Rocky Point HS Eagles batting - Pitching for Maize HS : RHP Tony Zamora
|
Batting: RHB Pedro Cháves
|
0-0: Swinging Strike 0-1: Foul Ball, location: 2F 0-2: Strikes out swinging
|
Pitching: LHP John Sharpley
|
|
Batting: LHB Gus Price
|
0-0: Swinging Strike 0-1: Called Strike 0-2: Ball 1-2: Ball 2-2: Foul Ball, location: 2F 2-2: Strikes out looking
|
Batting: RHB John Lindsey
|
0-0: Swinging Strike 0-1: Called Strike 0-2: Ball 1-2: Ball 2-2: Ball 3-2: Base on Balls
|
Batting: SHB Josh Conner
|
0-0: Ball 1-0: Called Strike 1-1: SINGLE (Line Drive, 78S) John Lindsey to second
|
Batting: LHB Rob Peterson
|
0-0: SINGLE (Groundball, 56D) John Lindsey to third Josh Conner to second Throwing error, E7 John Lindsey scores Josh Conner to third Rob Peterson to second
|
Batting: RHB Ramón Garza
|
0-0: Ball 1-0: Foul Ball, location: 2F 1-1: Foul Ball, location: 2F 1-2: Ball 2-2: Ball 3-2: Base on Balls
|
Batting: RHB Fernando Pagán
|
0-0: SINGLE (Line Drive, 56D) Josh Conner scores Rob Peterson to third Ramón Garza to second Throwing error, E7 Rob Peterson scores Ramón Garza to third Fernando Pagán to second
|
Pitching: RHP Howard Brandon
|
|
Batting: RHB Jim Sharry
|
0-0: Foul Ball, location: 2F 0-1: SINGLE (Line Drive, 8LS) Ramón Garza scores Fernando Pagán to third Runner from 3rd tries for Home, SAFE, no throw or cutoff
|
Batting: RHB Joe Lewis
|
0-0: DOUBLE (Groundball, 5L) Jim Sharry to third
|
Batting: RHB Pedro Cháves
|
0-0: Ball 1-0: Foul Ball, location: 2F 1-1: Ball 2-1: Reached on error, E6 (Groundball, 6) Jim Sharry scores Joe Lewis to third
|
Batting: LHB Gus Price
|
0-0: Fly out, F4 (Line Drive, 4)
|
Bottom of the 6th over - 6 run(s), 5 hit(s), 3 error(s), 2 left on base; Maize HS 3 - Rocky Point HS 7 |
TOP OF THE 7TH |
Maize HS batting - Pitching for Rocky Point HS Eagles : RHP Ralph Benson
|
Batting: RHB Chris Wilson
|
0-0: Ball 1-0: Called Strike 1-1: Swinging Strike 1-2: Strikes out swinging
|
Batting: RHB Jorge Molina
|
0-0: Called Strike 0-1: Called Strike 0-2: Ball 1-2: Ball 2-2: Foul Ball, location: 2F 2-2: Reached on error, E1 (Groundball, 13)
|
Batting: RHB Fletcher Richardson
|
0-0: Ball 1-0: Called Strike 1-1: Ball 2-1: DOUBLE (Line Drive, 7LM) Jorge Molina to third
|
Batting: RHB Frank Reed
|
0-0: Ball 1-0: Foul Ball, location: 2F 1-1: Ball 2-1: Ball 3-1: Fly out, F7 (Flyball, 78M) Runner from 3rd tags up, SCORES, no throw
|
Batting: RHB Nelson Martínez
|
0-0: SINGLE (Line Drive, 6D) Fletcher Richardson to third Throwing error, E7 Fletcher Richardson scores Nelson Martínez to second
|
Batting: SHB Tony Morrison
|
0-0: Called Strike 0-1: Called Strike 0-2: Ball 1-2: Ground out 4-3 (Groundball, 34)
|
Top of the 7th over - 2 run(s), 2 hit(s), 2 error(s), 1 left on base; Maize HS 5 - Rocky Point HS 7 |
BOTTOM OF THE 7TH |
Rocky Point HS Eagles batting - Pitching for Maize HS : RHP Howard Brandon
|
Batting: RHB John Lindsey
|
0-0: Ball 1-0: Called Strike 1-1: Foul Ball, location: 2F 1-2: Foul Ball, location: 2F 1-2: Foul Ball, location: 2F 1-2: Ball 2-2: Ball 3-2: Base on Balls
|
Batting: SHB Josh Conner
|
0-0: Bunted foul 0-1: Bunted foul 0-2: Fly out, F7 (Flyball, 78S)
|
Batting: LHB Rob Peterson
|
0-0: Ball 1-0: Ball 2-0: Ball 3-0: Base on Balls John Lindsey to second
|
Pinch Hitting: SHB Andrés Coronado
|
0-0: Grounds into double play, 1-6-3 (Groundball, 23)
|
Bottom of the 7th over - 0 run(s), 0 hit(s), 0 error(s), 1 left on base; Maize HS 5 - Rocky Point HS 7 |
TOP OF THE 8TH |
Maize HS batting - Pitching for Rocky Point HS Eagles : RHP Ralph Benson
|
Pitching: RHP Roy Jordan
|
|
Now at SS: Andrew Pinto
|
|
Batting: RHB Lorenzo Hernández
|
0-0: Ball 1-0: Called Strike 1-1: Ball 2-1: Ball 3-1: Foul Ball, location: 2F 3-2: Base on Balls
|
Batting: SHB Ricardo Gómez
|
0-0: Foul Ball, location: 2F 0-1: Ball 1-1: Foul Ball, location: 2F 1-2: Foul Ball, location: 2F 1-2: Ball 2-2: Strikes out looking
|
Batting: LHB Chad Aguilar
|
0-0: Ball 1-0: Called Strike 1-1: Ball 2-1: Foul Ball, location: 2F 2-2: Strikes out looking
|
Batting: RHB Chris Wilson
|
0-0: Ball 1-0: Called Strike 1-1: Ball 2-1: Foul Ball, location: 2F 2-2: Foul Ball, location: 2F 2-2: Strikes out swinging
|
Top of the 8th over - 0 run(s), 0 hit(s), 0 error(s), 1 left on base; Maize HS 5 - Rocky Point HS 7 |
BOTTOM OF THE 8TH |
Rocky Point HS Eagles batting - Pitching for Maize HS : RHP Howard Brandon
|
Batting: RHB Fernando Pagán
|
0-0: Called Strike 0-1: Called Strike 0-2: Strikes out looking
|
Batting: RHB Jim Sharry
|
0-0: Called Strike 0-1: Ball 1-1: Ball 2-1: Ball 3-1: SINGLE (Line Drive, 89M)
|
Batting: RHB Joe Lewis
|
0-0: Swinging Strike 0-1: Foul Ball, location: 2F 0-2: Ball 1-2: Foul Ball, location: 2F 1-2: Ball 2-2: Ball 3-2: Foul Ball, location: 2F Single, Error in OF, E8, batter to second base Jim Sharry to third
|
Batting: RHB Pedro Cháves
|
0-0: Ball 1-0: Fly out, F3 (Popup, 3SF)
|
Batting: LHB Gus Price
|
0-0: Foul Ball, location: 2F 0-1: Foul Ball, location: 2F 0-2: Hit by Pitch
|
Pitching: RHP Bobby McCain
|
|
Batting: RHB John Lindsey
|
0-0: SINGLE (Groundball, 4MD) Jim Sharry scores Joe Lewis to third Gus Price to second Runner from 3rd tries for Home, SAFE, no throw or cutoff
|
Batting: SHB Josh Conner
|
0-0: Ball 1-0: Ball 2-0: Called Strike 2-1: Ball 3-1: SINGLE (Line Drive, 89M) Gus Price to third John Lindsey to second
|
Batting: LHB Rob Peterson
|
0-0: Ball 1-0: Called Strike 1-1: Foul Ball, location: 2F 1-2: Ball 2-2: Foul Ball, location: 2F 2-2: Foul Ball, location: 2F 2-2: Ball 3-2: Foul Ball, location: 2F 3-2: Base on Balls Gus Price scores John Lindsey to third Josh Conner to second
|
Batting: RHB Andrew Pinto
|
0-0: Fly out, F4 (Popup, 3)
|
Bottom of the 8th over - 3 run(s), 4 hit(s), 1 error(s), 3 left on base; Maize HS 5 - Rocky Point HS 10 |
TOP OF THE 9TH |
Maize HS batting - Pitching for Rocky Point HS Eagles : RHP Roy Jordan
|
Batting: RHB Jorge Molina
|
0-0: Called Strike 0-1: Swinging Strike 0-2: Strikes out swinging
|
Batting: RHB Fletcher Richardson
|
0-0: Swinging Strike 0-1: Foul Ball, location: 2F 0-2: Ball 1-2: Foul Ball, location: 2F 1-2: Foul Ball, location: 2F 1-2: Ball 2-2: Strikes out swinging
|
Batting: RHB Frank Reed
|
0-0: Called Strike 0-1: Ball 1-1: Foul Ball, location: 2F 1-2: Strikes out swinging
|
Top of the 9th over - 0 run(s), 0 hit(s), 0 error(s), 0 left on base; Maize HS 5 - Rocky Point HS 10 |
|